 Dungeon Crawl Stone Soup version 0.27.0-1-g7a089689b8 (webtiles) character file.

Game seed: 18098107379878572850

88 Sin92 the Skirmisher (level 4, -1/35 HPs)
             Began as a Demonspawn Fighter on Aug 11, 2021.
             Slain by a gnoll (10 damage)
             ... on level 2 of the Dungeon.
             The game lasted 00:00:51 (1344 turns).

Sin92 the Skirmisher (Demonspawn Fighter)           Turns: 1344, Time: 00:00:51

Health: -1/35      AC:  8    Str: 17    XL:     4   Next: 30%
Magic:  4/4        EV:  7    Int:  9    God:
Gold:   98         SH:  9    Dex: 13    Spells: 3/3 levels left

rFire    . . .     SeeInvis .   a - +0 war axe
rCold    . . .     Faith    .   c - +0 kite shield
rNeg     . . .     Spirit   .   b - +0 scale mail
rPois    .         Reflect  .   (no helmet)
rElec    .         Harm     .   (no cloak)
rCorr    .         Rampage  .   (no gloves)
Will     .....                  (no boots)
Stlth    ..........             (no amulet)
HPRegen  0.11/turn              (no ring)
MPRegen  0.09/turn              (no ring)

@: mighty
A: talons 1, thin metallic scales 1
a: no special abilities


You were on level 2 of the Dungeon.
You visited 1 branch of the dungeon, and saw 2 of its levels.

You collected 98 gold pieces.

Inventory:

Hand Weapons
 a - a +0 war axe (weapon)
Armour
 b - a +0 scale mail (worn)
 c - a +0 kite shield (worn)
Jewellery
 i - an amulet of guardian spirit
Scrolls
 f - 5 scrolls of amnesia {unknown}
 g - 3 scrolls of immolation
 h - a scroll of silence {unknown}
 j - 3 scrolls of identify {unknown}
 k - a scroll of enchant armour {unknown}
Potions
 e - a potion of berserk rage {unknown}
 l - a potion of cancellation {unknown}


   Skills:
 + Level 3.3 Fighting
 * Level 2.8 Axes
 + Level 3.1 Armour
 + Level 1.2 Dodging
 + Level 3.1 Shields


You had 3 spell levels left.
You didn't know any spells.
Your spell library was empty.

Dungeon Overview and Level Annotations

Branches:
Dungeon (2/15)

Altars:


Innate Abilities, Weirdness & Mutations

You have sharp toenails.
You are partially covered in thin metallic scales. (AC +2)


Message History

Things that are here:
a +0 dagger; a +0 robe Unknown command.
A gnoll is nearby!
You block the gnoll's attack.
Unknown command.
A gnoll is nearby!
A gnoll comes into view. It is wielding a +0 halberd.
A gnoll comes into view. It is wielding a +0 club.
The gnoll closely misses you.
Unknown command.
There are monsters nearby!
The gnoll shouts!
You hit the gnoll. Your kick misses the gnoll.
The gnoll is moderately wounded.
You block the gnoll's attack.
A gnoll comes into view. It is wielding a +0 whip.
You block the gnoll's attack.
The gnoll hits you from afar with a +0 halberd!
There are monsters nearby!
The gnoll shouts!
You hit the gnoll. You claw the gnoll.
The gnoll is heavily wounded.
The gnoll barely misses you.
The gnoll hits you from afar with a +0 halberd!
* * * LOW HITPOINT WARNING * * *
Unknown command.
There are monsters nearby!
You are too injured to fight recklessly!
Unknown command.
There are monsters nearby!
You are too injured to fight recklessly!
Unknown command.
There are monsters nearby!
You are too injured to fight recklessly!
Unknown command.
There are monsters nearby!
You feel very mighty all of a sudden.
The gnoll hits you from afar with a +0 halberd!
You die...

# ................#######
#.........................#
#.........#...............#
#.........#.###...........#
#.............(...........#
.............##...........#
.........<...##.......†...#
[.........#..#.......^....#
#.....†.).@g.#............#
###########..#............#
#gg#......#######
...######## ...# ....
.....# ...#


You could see 3 gnolls.

Vanquished Creatures
  Jessica (D:2)
  Terence (D:2)
  A gnoll (D:1)
  A dart slug (D:1)
  2 ball pythons
  3 bats
  6 endoplasms (D:1)
  3 goblins (D:1)
  A hobgoblin (D:2)
  A frilled lizard (D:1)
  4 kobolds
  4 rats
28 creatures vanquished.

Notes
Turn   | Place    | Note
-------+----------+-------------------------------------------
     0 | D:1      | Sin92 the Demonspawn Fighter began the quest for the Orb.
     0 | D:1      | Reached XP level 1. HP: 18/18 MP: 1/1
   377 | D:1      | Gained mutation: You have sharp toenails. [demonic
                  | ancestry]
   377 | D:1      | Reached XP level 2. HP: 24/24 MP: 2/2
   836 | D:1      | Reached XP level 3. HP: 23/29 MP: 3/3
  1067 | D:2      | Noticed Terence
  1076 | D:2      | Killed Terence
  1077 | D:2      | Reached skill level 1 in Dodging
  1322 | D:2      | Noticed Jessica
  1332 | D:2      | Killed Jessica
  1333 | D:2      | Gained mutation: You are partially covered in thin metallic
                  | scales. (AC +2) [demonic ancestry]
  1333 | D:2      | Reached XP level 4. HP: 32/35 MP: 4/4
  1344 | D:2      | Slain by a gnoll

Illustrated notes

Levels and vault maps discovered:
D:1:      giann_wishing_wells, layout_basic
D:2:      layout_basic, nrook_loot_triangle, uniq_terence, uniq_jessica

Skill      XL: |  1  2  3 |
---------------+----------+-----
Axes           | 2 |  2.8
Armour         | 3 |  3.1
Dodging        | 1 |  1.2
Shields        | 3 |  3.1
Fighting       | |  3.3

Action                   |  1- 3 |  4- 6 || total
-------------------------+-------+-------++-------
Melee: War axe           |    74 |     2 ||    76
       Kick              |    13 |     1 ||    14
  Use: Scroll            |     1 |       ||     1
       Potion            |       |     1 ||     1
Armor: Scale mail        |    41 |       ||    41
Dodge: Dodged            |    18 |     2 ||    20
Block: Kite shield       |    39 |     3 ||    42
